 Dungeon Crawl Stone Soup version 0.30-a0-879-ga8ba668304 (webtiles) character file.

Game seed: 6586880127867258461

541 NinjaNoafa the Conjurer (level 7, -5/50 HPs)
             Began as a Grey Draconian Conjurer on Mar 13, 2023.
             Slain by Duvessa
             ... wielding a +0 short sword
              (9 damage)
             ... on level 5 of the Dungeon.
             The game lasted 00:07:19 (4011 turns).

NinjaNoafa the Conjurer (Grey Draconian Conjurer)   Turns: 4011, Time: 00:07:20

Health: -5/50      AC: 11    Str:  9    XL:     7   Next: 5%
Magic:  3/14       EV: 12    Int: 21    God:
Gold:   193        SH:  0    Dex:  9    Spells: 13/16 levels left

rFire   . . .      SeeInvis +    a - +2 whip (drain)
rCold   . . .      Faith    .    (no shield)
rNeg    . . .      Spirit   .    (body armour unavailable)
rPois   .          Reflect  .    (helmet restricted)
rElec   .          Rampage  .    (no cloak)
rCorr   .                        (no gloves)
Will    .....                    (no boots)
Stlth   ++                       p - amulet of magic regeneration
HPRegen 0.28/turn                q - ring of see invisible
MPRegen 0.54/turn                (no ring)

@: no status effects
A: AC +11, amphibious, unfitting armour, cold-blooded
a: no special abilities


You were on level 5 of the Dungeon.
You visited 1 branch of the dungeon, and saw 5 of its levels.

You collected 193 gold pieces.

Inventory:

Hand Weapons
 a - a +2 whip of draining (weapon)
Missiles
 g - 2 poisoned darts
 k - 2 throwing nets
Magical Staves
 b - a staff of air
Jewellery
 p - an amulet of magic regeneration (around neck)
 q - a ring of see invisible (left hand)
Wands
 n - a wand of quicksilver (10)
 r - a wand of digging (1)
 w - a wand of iceblast (4)
Scrolls
 d - a scroll of acquirement {unknown}
 h - 2 scrolls of teleportation {unknown}
 j - 2 scrolls of fog {unknown}
 l - a scroll of poison {unknown}
 o - 3 scrolls of identify {unknown}
 s - 3 scrolls of enchant weapon {unknown}
 t - a scroll of fear {unknown}
 u - a scroll of enchant armour {unknown}
Potions
 c - a potion of heal wounds {unknown}
 e - 2 potions of magic
 f - a potion of lignification {unknown}
 i - a potion of might {unknown}
 m - a potion of degeneration {unknown}
 v - a potion of berserk rage {unknown}
 x - a potion of ambrosia {unknown}
 z - a potion of haste {unknown}


   Skills:
 - Level 1.7 Dodging
 - Level 1.7 Stealth
 + Level 5.0 Spellcasting
 + Level 6.0 Conjurations
 * Level 2.9 Translocations


You had 13 spell levels left.
You knew the following spells:

 Your Spells              Type           Power      Damage    Failure   Level
a - Magic Dart            Conj           100%       1d8       1%          1
b - Searing Ray           Conj           60%        2d6       1%          2

Your spell library contained the following spells:

 Spells                   Type           Power      Damage    Failure   Level
 Apportation              Tloc           34%        N/A       3%          1
 Dazzling Flash           Conj/Hex       34%        N/A       10%         3
 Necrotise                Necr           20%        1d5       11%         1
 Summon Small Mammal      Summ           20%        N/A       11%         1
 Iskenderun's Mystic Bla  Conj/Tloc      24%        2d7       17%         4
 Fulminant Prism          Conj/Hex       8%         3d6       30%         4


Dungeon Overview and Level Annotations

Branches:
Dungeon (5/15)
 Temple: D:4-7

Altars:
Gozag
Zin
The Shining One

Shops:
D:1 *   D:4 [

Annotations:
D:5 Duvessa


Innate Abilities, Weirdness & Mutations

Your dull iron-grey scales are very hard. (AC +11)
You are amphibious.
You cannot fit into any form of body armour.
You are cold-blooded and may be slowed by cold attacks.


Message History

The searing ray hits Duvessa!
Duvessa is severely wounded.
The searing ray hits the jelly.
The jelly is severely wounded.
Duvessa barely misses you.
The searing ray hits Duvessa but does no damage.
Duvessa is severely wounded.
The searing ray hits the jelly!
You kill the jelly!
You finish channelling your searing ray.
Duvessa barely misses you. Duvessa hits you with a +0 short sword.
* * * LOW HITPOINT WARNING * * *
Your Conjurations skill increases to level 6!
You have reached level 7!
Your scales start taking on a dull iron-grey colour.
You learn Air Magic much slower.
You learn Earth Magic much quicker.
Saving game... please wait.
Level annotation: Duvessa Welcome back, NinjaNoafa the Grey Draconian Conjurer.
Press ? for a list of commands and other information.
Cast which spell? (? or * to list)
Aiming: Searing Ray (safe; 1% risk of failure)
Press: ? - help, Shift-Dir - straight line, f - Duvessa
Aim: Duvessa, wielding a +0 short sword and wearing a +0 ring mail of positive energy (severely wounded, berserk, 85% to hit)
The searing ray hits Duvessa.
Duvessa is severely wounded. (Press . to maintain the ray.) Duvessa barely misses you.
The searing ray misses Duvessa.
Duvessa hits you with a +0 short sword!
* * * LOW HITPOINT WARNING * * *
Duvessa hits you with a +0 short sword.
* * * LOW HITPOINT WARNING * * *
The searing ray hits Duvessa.
Duvessa is almost dead.
Duvessa closely misses you.
The searing ray hits Duvessa.
Duvessa is almost dead.
You finish channelling your searing ray.
Duvessa hits you with a +0 short sword!
You die...

#.#.#.# #
#.#.#.# #.
#.....# ###.
### ###.###
...J...# #.#
.e.#.## #.#
.... #.#
#.########.#
#.[e@......#
############


You could see Duvessa (berserk).

Vanquished Creatures
  Sigmund (D:4)
  A scorpion (D:4)
  Dowan (D:5)
  A jelly (D:5)
  An iguana (D:4)
  Natasha (D:3)
  An orc wizard (D:4)
  5 adders
  4 dart slugs
  3 worms
  6 orcs
  11 endoplasms
  5 giant cockroaches
  7 goblins
  8 hobgoblins
  4 jackals (D:2)
  8 kobolds
  5 quokkas
  11 ball pythons
  5 bats
  5 frilled lizards
  6 rats
100 creatures vanquished.

Notes
Turn   | Place    | Note
-------+----------+-------------------------------------------
     0 | D:1      | NinjaNoafa the Draconian Conjurer began the quest for the
                  | Orb.
     0 | D:1      | Reached XP level 1. HP: 14/14 MP: 3/3
   233 | D:1      | Found a faded altar of an unknown god.
   260 | D:1      | Reached XP level 2. HP: 13/20 MP: 0/5
   370 | D:1      | Learned a level 2 spell: Searing Ray
   430 | D:1      | Found Weaveote's General Store.
  1202 | D:2      | Reached XP level 3. HP: 9/26 MP: 1/7
  1873 | D:2      | Reached XP level 4. HP: 33/33 MP: 6/9
  2733 | D:3      | Noticed Natasha
  2741 | D:3      | Killed Natasha
  2818 | D:3      | Found a glowing silver altar of Zin.
  2897 | D:3      | Found an opulent altar of Gozag.
  3246 | D:4      | Reached skill level 5 in Conjurations
  3246 | D:4      | Reached XP level 5. HP: 38/38 MP: 8/11
  3315 | D:4      | Found a glowing golden altar of the Shining One.
  3471 | D:4      | Found Naliki's Antique Armour Boutique.
  3648 | D:4      | Reached XP level 6. HP: 45/45 MP: 9/12
  3666 | D:4      | Noticed Sigmund
  3689 | D:4      | Reached skill level 1 in Translocations
  3690 | D:4      | Killed Sigmund
  3964 | D:5      | Entered Level 5 of the Dungeon
  3991 | D:5      | Noticed Dowan
  3992 | D:5      | Noticed Duvessa
  4004 | D:5      | Killed Dowan
  4005 | D:5      | Reached skill level 5 in Spellcasting
  4008 | D:5      | Reached skill level 6 in Conjurations
  4008 | D:5      | Your scales start taking on a dull iron-grey colour.
  4008 | D:5      | Reached XP level 7. HP: 16/50 MP: 6/14
  4011 | D:5      | Slain by Duvessa

Illustrated notes

Levels and vault maps discovered:
D:1:      dpeg_arrival_pond, layout_basic, serial_shops, shop, serial_curves,
          eino_curves_03, eino_curves_01,
          shapermc_ecumenical_altar_starsandcircs
D:2:      layout_basic, minmay_joined_circles
D:3:      layout_loops_corners, pdpol_temple_overflow_zin_treasury_gozag_greed,
          uniq_natasha
D:4:      layout_loops_cross, tso_metal_star, serial_shops, shop,
          chequers_serial_rivers_small_a, uniq_sigmund
D:5:      minmay_diamond_boxcup, layout_loops_corners, vehumet_crystals,
          serial_shops, nicolae_shop_temple_entry_statues_fountains,
          kennysheep_generic_room_3, uniq_menkaure, uniq_duvessa

Skill      XL: |  1  2  3  4  5  6 |
---------------+-------------------+-----
Spellcasting   | 3 4 5 |  5.0
Conjurations   | 5 6 |  6.0
Translocations | 2 |  2.9
Dodging        | |  1.7
Stealth        | |  1.7

Action                     |  1- 3 |  4- 6 |  7- 9 || total
---------------------------+-------+-------+-------++-------
  Melee: Unarmed           |    11 |       |       ||    11
         Dagger            |    22 |     4 |       ||    26
         Tailslap          |     4 |     3 |       ||     7
         Punch             |     1 |       |       ||     1
         Whip              |       |    14 |       ||    14
   Cast: Magic Dart        |    21 |    46 |       ||    67
         Searing Ray       |    19 |    18 |     1 ||    38
   Stab: Sleeping          |     2 |       |       ||     2
 Armour: Skin              |    14 |    16 |       ||    30
  Dodge: Dodged            |    35 |    31 |     2 ||    68

Table legend: (Time is in decaauts)
 A = Elapsed time spent in this place.
 B = Non-inter-level travel time spent in this place.
 C = Inter-level travel time spent in this place.
 D = Time resting spent in this place.
 E = Time spent auto-exploring this place.
 F = Levels seen in this place.
 G = Mean time per level.
                   A        B        C        D        E       F      G
               +--------+--------+--------+--------+--------+-----+--------+
         Total |   4013 |   3806 |    207 |      0 |   2616 |   5 |  802.6 |
       Dungeon |   4013 |   3806 |    207 |      0 |   2616 |   5 |  802.6 |
               +--------+--------+--------+--------+--------+-----+--------+

Top non-repeatable levels by time:
     D:2: 1170 daAuts
     D:1: 1136 daAuts
     D:3: 921 daAuts
     D:4: 737 daAuts
     D:5: 46 daAuts
